 Dungeon Crawl Stone Soup version 0.29-a0-330-g52719c12eb (webtiles) character file.

Game seed: 1749514770294982667

658 Ajdolov the Archer (level 7, 0/40 HPs)
             Began as a Tengu Hunter on Apr 20, 2022.
             Killed from afar by an orc wizard (5 damage)
             ... with a puff of flame
             ... on level 4 of the Dungeon.
             The game lasted 00:06:25 (4005 turns).

Ajdolov the Archer (Tengu Hunter)                   Turns: 4005, Time: 00:06:26

Health: 0/40       AC:  3    Str: 12    XL:     7   Next: 55%
Magic:  8/8        EV: 14    Int:  9    God:
Gold:   278        SH:  0    Dex: 19    Spells: 6/6 levels left

rFire   . . .      SeeInvis .   a - +1 shortbow
rCold   . . .      Faith    .   (shield currently unavailable)
rNeg    . . .      Spirit   .   b - +0 leather armour
rPois   .          Reflect  .   (helmet restricted)
rElec   .          Harm     .   (no cloak)
rCorr   .          Rampage  .   (no gloves)
Will    .....                   (boots unavailable)
Stlth   +.........              (no amulet)
HPRegen 0.13/turn               (no ring)
MPRegen 0.11/turn               (no ring)

@: confused, mighty, flying quickly and evasively, invisible, quick
A: beak, talons 3, nimble flight
a: no special abilities


You were on level 4 of the Dungeon.
You visited 1 branch of the dungeon, and saw 4 of its levels.

You collected 278 gold pieces.

Inventory:

Hand Weapons
 a - a +1 shortbow (weapon)
Armour
 b - a +0 leather armour (worn)
Wands
 g - a wand of flame (25)
Scrolls
 c - a scroll of immolation
 d - 2 scrolls of teleportation {unknown}
 e - a scroll of blinking {unknown}
 f - 2 scrolls of fear
 j - 2 scrolls of identify
 k - a scroll of fog {unknown}
 n - a scroll of enchant weapon {unknown}
 p - a scroll of enchant armour {unknown}
Potions
 h - a potion of resistance {unknown}
 m - a potion of curing {unknown}
 o - a potion of degeneration {unknown}


   Skills:
 - Level 2.0 Fighting
 * Level 9.8 Bows
 - Level 2.1 Dodging
 - Level 1.0 Stealth


You had 6 spell levels left.
You didn't know any spells.
Your spell library contained the following spells:

 Spells                   Type           Power      Damage    Failure   Level
 Animate Skeleton         Necr           0%         N/A       45%         1
 Apportation              Tloc           0%         N/A       45%         1
 Summon Small Mammal      Summ           0%         N/A       45%         1


Dungeon Overview and Level Annotations

Branches:
Dungeon (4/15)
 Temple: D:4-7

Altars:
Gozag
Yredelemnul


Innate Abilities, Weirdness & Mutations

You have a beak for a mouth.
You have claws for feet.
Your magical nature lets you fly swiftly and evasively.


Message History

Aim: a worm (moderately wounded, 82% to hit)
You shoot an arrow. The arrow hits the worm!
The worm is almost dead.
Unknown command.
Shoot: a) +1 shortbow
Press: ? - help, Q - select action, (/) - cycle Shift-Dir - straight line, f/p - worm
Aim: a worm (almost dead, 82% to hit)
You shoot an arrow. The arrow hits the worm!
You kill the worm!
Unknown command.
Shoot: a) +1 shortbow
Press: ? - help, Q - select action, (/) - cycle Shift-Dir - straight line You shoot an arrow.
Shoot: a) +1 shortbow
Press: ? - help, Q - select action, (/) - cycle Shift-Dir - straight line You shoot an arrow.
Shoot: a) +1 shortbow
Press: ? - help, Q - select action, (/) - cycle Shift-Dir - straight line You shoot an arrow.
You hear some strange, mumbled words.
You are confused.
Unknown command.
Okay, then.
You are too confused!
It was a potion of might.
You feel very mighty all of a sudden.
You are too confused!
Unknown command.
Something hits you but does no damage.
You're too confused to move!
Something hits you.
* * * LOW HITPOINT WARNING * * *
Unknown command.
You hear some strange, mumbled words.
Something tries to affect you, but you resist.
It was a potion of invisibility.
You fade into invisibility!
You hear some strange, mumbled words.
A puff of flame appears from out of thin air!
The puff of flame hits you.
You die...

.##.# #.# #. .##.# #.# #. .##.#
#.# ###. .##.# #.# #... .##.# #.#
#####..# .##.# #.# #....... ..#.#
#.# #.###.## #...# ######
######.# #### ..###
#...@####.#.##.## #.# .##
#.#.....###.##...##.## .#
##.{.....#.o.8...#.. .#########
#.#.....#..#...#..#. ..##.....###
####.#....#).8.)#... ...........#
#.#.#..#.......#
.....†...#.############.##.##.#
...#.....#.......#.######...#####
..##.....########.##..# ##.## #..


There were no monsters in sight!

Vanquished Creatures
  Menkaure (D:4)
  An ogre (D:4)
  A necrophage (D:4)
  2 scorpions
  A jelly (D:4)
  A gnoll shaman (D:4)
  An iguana (D:4)
  4 gnolls (D:4)
  6 adders
  2 worms
  3 dart slugs (D:1)
  4 orcs
  9 endoplasms
  4 giant cockroaches
  6 goblins
  7 hobgoblins
  6 jackals
  8 kobolds
  4 quokkas
  8 ball pythons
  6 bats
  A frilled lizard (D:1)
  7 rats
93 creatures vanquished.

Notes
Turn   | Place    | Note
-------+----------+-------------------------------------------
     0 | D:1      | Ajdolov the Tengu Hunter began the quest for the Orb.
     0 | D:1      | Reached XP level 1. HP: 12/12 MP: 2/2
    43 | D:1      | Reached XP level 2. HP: 9/17 MP: 3/3
    58 | D:1      | Reached skill level 5 in Bows
   326 | D:1      | Reached XP level 3. HP: 21/21 MP: 4/4
  1206 | D:2      | Reached skill level 6 in Bows
  1206 | D:2      | Reached XP level 4. HP: 25/26 MP: 5/5
  1479 | D:2      | Identified the +1 plate armour of the Blacksmith {Fly
                  | Stlth+}
  1494 | D:2      | Found a faded altar of an unknown god.
  1794 | D:3      | Noticed a scorpion
  1800 | D:3      | Killed a scorpion
  1801 | D:3      | Gained mutation: Your magical nature lets you fly swiftly
                  | and evasively. [Tengu growth]
  1801 | D:3      | Reached XP level 5. HP: 4/30 MP: 6/6
  2042 | D:3      | Reached skill level 7 in Bows
  2064 | D:3      | Found an opulent altar of Gozag.
  2777 | D:4      | Reached XP level 6. HP: 35/35 MP: 7/7
  2783 | D:4      | Found a basalt altar of Yredelemnul.
  2892 | D:4      | Identified the +1 scale mail "Siemad" {rElec rF+ Str-3}
  2924 | D:4      | Reached skill level 8 in Bows
  3201 | D:4      | Noticed Menkaure
  3204 | D:4      | Killed Menkaure
  3371 | D:4      | Reached skill level 9 in Bows
  3371 | D:4      | Reached XP level 7. HP: 40/40 MP: 8/8
  4005 | D:4      | Killed from afar by an orc wizard

Illustrated notes

Levels and vault maps discovered:
D:1:      grunt_arrival_crossed_arrows, layout_rooms, serial_glass,
          glass_columns_b, glass_columns_b, minmay_misc_feat_ornament,
          chequers_mini_garden
D:2:      layout_loops_corners, basic_ecumenical_altar
D:3:      layout_rooms, nicolae_gozag_seed_capital, grunt_ministairs_1,
          kennysheep_doodads, minmay_box_of_dots
D:4:      wad_crossroads, layout_loops_ring, mainiacjoe_overflow_boulevard,
          hangedman_decor_riveting, uniq_menkaure

Skill      XL: |  1  2  3  4  5  6 |
---------------+-------------------+-----
Bows           | 5 6 7 9 |  9.8
Fighting       | |  2.0
Dodging        | |  2.1
Stealth        | |  1.0

Action                   |  1- 3 |  4- 6 |  7- 9 || total
-------------------------+-------+-------+-------++-------
Melee: Shortbow          |       |       |     1 ||     1
       Kick              |       |       |     1 ||     1
 Fire: Shortbow          |    86 |   127 |    47 ||   260
  Use: Potion            |       |     1 |     4 ||     5
       Scroll            |       |       |     1 ||     1
Armor: Leather armour    |     3 |     7 |     2 ||    12
Dodge: Dodged            |    16 |    27 |    10 ||    53

Table legend: (Time is in decaauts)
 A = Elapsed time spent in this place.
 B = Non-inter-level travel time spent in this place.
 C = Inter-level travel time spent in this place.
 D = Time resting spent in this place.
 E = Time spent auto-exploring this place.
 F = Levels seen in this place.
 G = Mean time per level.
                   A        B        C        D        E       F      G
               +--------+--------+--------+--------+--------+-----+--------+
         Total |   3938 |   3860 |     78 |    506 |   2641 |   4 |  984.5 |
       Dungeon |   3938 |   3860 |     78 |    506 |   2641 |   4 |  984.5 |
               +--------+--------+--------+--------+--------+-----+--------+

Top non-repeatable levels by time:
     D:4: 1284 daAuts
     D:2: 1035 daAuts
     D:3: 834 daAuts
     D:1: 785 daAuts
